 Dungeon Crawl Stone Soup version 0.30.0-3-ga4e48a9924 (webtiles) character file.

Game seed: 15841775315523880965

98 monsoonserge the Sneak (level 4, 0/21 HPs)
             Began as a Spriggan Enchanter on May 8, 2023.
             Was an Initiate of Ru.
             Hit by a stone thrown by an orc (1 damage)
             ... on level 3 of the Dungeon.
             The game lasted 00:11:08 (2337 turns).

monsoonserge the Sneak (Spriggan Enchanter)         Turns: 2337, Time: 00:11:08

Health: 0/21       AC:  2    Str:  4    XL:     4   Next: 43%
Magic:  3/9        EV: 17    Int: 18    God:    Ru [......]
Gold:   6          SH:  5    Dex: 15    Spells: 4/9 levels left

rFire   . . .        r - +4 dagger (freeze)
rCold   . . .        (no shield)
rNeg    . . .        b - +0 robe
rPois   .            (helmet restricted)
rElec   .            (no cloak)
rCorr   .            (gloves unavailable)
SInv    +            (boots unavailable)
Will    .....        q - amulet of reflection
Stlth   +++          (no ring)
HPRegen 0.23/turn    (no ring)
MPRegen 0.11/turn

%: reflection
@: very quick
A: very small, no large weapons, unfitting armour, see invisible, speed 3
a: Renounce Religion


You were on level 3 of the Dungeon.
You worshipped Ru.
Ru was noncommittal.
You visited 1 branch of the dungeon, and saw 3 of its levels.

You collected 127 gold pieces.
You spent 121 gold pieces at shops.

Inventory:

Hand Weapons
 r - a +4 dagger of freezing (weapon)
Missiles
 g - 13 stones (quivered)
 h - 10 poisoned darts
Armour
 b - a +0 robe (worn)
 s - the +3 robe of the Forging Gods {rElec rC- Dex+2}
   (You bought it in a shop on level 1 of the Dungeon)

   Dex:       It affects your dexterity (+2).
   rC:        It makes you vulnerable to cold.
   rElec:     It insulates you from electricity.
Jewellery
 q - an amulet of reflection (around neck)
Scrolls
 d - a scroll of immolation {unknown}
 e - 3 scrolls of identify {unknown}
 f - a scroll of torment {unknown}
 i - 2 scrolls of teleportation
 n - a scroll of enchant weapon {unknown}
 o - a scroll of fog {unknown}
 p - a scroll of noise {unknown}
Potions
 a - a potion of attraction {unknown}
 c - 3 potions of invisibility
 j - 3 potions of ambrosia {unknown}
 k - a potion of degeneration {unknown}
 l - a potion of haste {unknown}
 m - 2 potions of brilliance {unknown}


   Skills:
 + Level 0.1 Fighting
 + Level 1.6 Short Blades
 + Level 3.1 Dodging
 + Level 6.2 Stealth
 - Level 3.0 Spellcasting
 * Level 4.4 Hexes
 * Level 0.9 Ice Magic


You had 4 spell levels left.
You knew the following spells:

 Your Spells              Type           Power      Damage    Failure   Level
a - Ensorcelled Hibernat  Hex/Ice        24%        N/A       9%          2
b - Confusing Touch       Hex            18%        N/A       9%          3

Your spell library contained the following spells:

 Spells                   Type           Power      Damage    Failure   Level
 Tukima's Dance           Hex            18%        N/A       9%          3
 Dazzling Flash           Conj/Hex       20%        N/A       21%         3
 Lesser Beckoning         Tloc           4%         N/A       24%         2
 Gell's Gravitas          Tloc           2%         N/A       43%         3
 Teleport Other           Tloc           2%         N/A       43%         3
 Vhi's Electric Charge    Tloc/Air       4%         N/A       43%         3
 Arcjolt                  Conj/Air       1%         1d11      99%         5
 Maxwell's Capacitive Co  Air            1%         ∞         100%        8


Dungeon Overview and Level Annotations

Branches:
Dungeon (3/15)

Altars:
Ru

Shops:
D:1 **[?


Innate Abilities, Weirdness & Mutations

You are very small and have problems with some larger weapons.
You are too small for most types of armour.
You have supernaturally acute eyesight. (SInv)
You cover ground extremely quickly. (Speed+++)


Message History

You impale the endoplasm!! You freeze the endoplasm.
You kill the endoplasm!
You see here a +0 dagger.
A giant cockroach comes into view.
Found a stone staircase leading down.
An orc priest comes into view. It is wielding a +0 hand axe.
The helpless giant cockroach fails to defend itself.
You impale the giant cockroach!! You freeze the giant cockroach.
You kill the giant cockroach!
An orc comes into view. It is wielding a +0 club.
The orc moves out of view.
An orc comes into view. It is wielding a +0 short sword.
The orc shouts!
The orc priest shouts!
The orc priest hits you with a +0 hand axe.
Casting: Ensorcelled Hibernation (safe; 9% risk of failure)
Confirm with . or Enter, or press ? or * to list all spells.
Aiming: Ensorcelled Hibernation (safe; 9% risk of failure)
Press: ? - help, Shift-Dir - straight line, f - orc priest
Aim: an orc priest, wielding a +0 hand axe (chance to affect: 46%)
The orc priest resists with some effort.
The orc throws a stone.
The stone barely misses you.
Casting: Ensorcelled Hibernation (safe; 9% risk of failure)
Confirm with . or Enter, or press ? or * to list all spells.
Aiming: Ensorcelled Hibernation (safe; 9% risk of failure)
Press: ? - help, Shift-Dir - straight line, f/p - orc priest
Aim: an orc priest, wielding a +0 hand axe (chance to affect: 46%)
The orc priest resists with some effort.
The orc throws a stone.
The stone hits you but does no damage.
The orc priest calls down the wrath of Beogh upon you.
Beogh smites you!
Ouch! That really hurt!
* * * LOW HITPOINT WARNING * * *
Casting: Ensorcelled Hibernation (safe; 9% risk of failure)
Confirm with . or Enter, or press ? or * to list all spells.
Aiming: Ensorcelled Hibernation (safe; 9% risk of failure)
Press: ? - help, Shift-Dir - straight line, f/p - orc priest
Aim: an orc priest, wielding a +0 hand axe (chance to affect: 46%)
The orc priest resists with some effort.
The orc throws a stone.
The stone hits you.
You die...

#<##..#.##.##
#.##.##.########### #
#.##.##.# #.......#.#
#.......#
#.......#.##
####.#### #..........
#.# #........# #.#
#....oo..# #.#
#..>.....#
#.######...o@...#
#...........###.....
####..#.......# #.#
##...#.......#
##.......####.#
#.............###
######...............
<.....#...#.........#
#####.##.##.........#


You could see an orc priest and 2 orcs.

Vanquished Creatures
  3 adders (D:2)
  A worm (D:2)
  A dart slug (D:2)
  3 orcs (D:3)
  4 ball pythons
  2 bats
  5 endoplasms
  5 giant cockroaches
  6 goblins
  8 hobgoblins
  3 jackals (D:2)
  4 quokkas
  A frilled lizard (D:2)
  5 kobolds
  3 rats
54 creatures vanquished.

Vanquished Creatures (others)
  2 plants (D:1)
2 creatures vanquished.

Grand Total: 56 creatures vanquished

Notes
Turn   | Place    | Note
-------+----------+-------------------------------------------
     0 | D:1      | monsoonserge the Spriggan Enchanter began the quest for the
                  | Orb.
     0 | D:1      | Reached XP level 1. HP: 9/9 MP: 5/5
   185 | D:1      | You fall into a shaft and drop 1 floor!
   229 | D:2      | Reached XP level 2. HP: 13/13 MP: 6/6
   244 | D:2      | Reached skill level 5 in Stealth
   258 | D:2      | Learned a level 2 spell: Ensorcelled Hibernation
   360 | D:2      | Reached XP level 3. HP: 11/16 MP: 0/8
   368 | D:2      | Learned a level 3 spell: Confusing Touch
   663 | D:1      | Found Jaddui's General Store.
   670 | D:1      | Bought a scroll of teleportation for 30 gold pieces
   779 | D:1      | Found Rydootir's Antique Armour Boutique.
   806 | D:1      | Found Yxo Zisu's Magic Scroll Boutique.
  1025 | D:1      | Found Zenorom's Assorted Antiques.
  1487 | D:2      | Found a sacrificial altar of Ru.
  1491 | D:2      | Reached XP level 4. HP: 21/21 MP: 9/9
  1498 | D:2      | Found a faded altar of an unknown god.
  1500 | D:2      | Noticed a floating eye
  1500 | D:2      | Noticed a golden eye
  1501 | D:2      | Noticed a great orb of eyes
  1501 | D:2      | Noticed a floating eye
  1589 | D:2      | Became a worshipper of Ru the Awakened
  2015 | D:3      | Reached skill level 6 in Stealth
  2243 | D:1      | Bought a distressingly furry robe for 91 gold pieces
  2243 | D:1      | Identified the +3 robe of the Forging Gods {rElec rC-
                  | Dex+2} (You bought it in a shop on level 1 of the Dungeon)
  2336 | D:3      | HP: 1/21 [orc priest/divine providence (15)]
  2337 | D:3      | Hit by a stone thrown by an orc

Illustrated notes

Levels and vault maps discovered:
D:1:      lightli_arrival_windingriver, layout_loops_corners, serial_shops,
          shop, shop, shop, shop, chequers_avenue, minmay_misc_feat_rows,
          minmay_tromino_v4_b
D:2:      wad_pebble_path, layout_basic, basic_altar,
          hellmonk_ecumenical_altar_watching_god, serial_curves, eino_curves_02,
          eino_curves_03, eino_curves_02
D:3:      layout_loops_cross

Skill      XL: |  1  2  3  4 |
---------------+-------------+-----
Hexes          | 4 |  4.4
Stealth        | 5 6 |  6.2
Dodging        | 3 |  3.1
Spellcasting   | 3 |  3.0
Fighting       | |  0.1
Short Blades   | |  1.6
Ice Magic      | |  0.9

Action                     |  1- 3 |  4- 6 || total
---------------------------+-------+-------++-------
  Melee: Dagger            |    98 |    39 ||   137
   Cast: Ensorcelled Hiber |    11 |     6 ||    17
   Stab: Sleeping          |    17 |     8 ||    25
 Armour: Robe              |     8 |     3 ||    11
  Dodge: Dodged            |    59 |    20 ||    79
  Block: Other             |       |     6 ||     6
